 Dungeon Crawl Stone Soup version 0.28-a0-69-g49dcd67cf8 (webtiles) character file.

Game seed: 6657832806740414674

38 Mindflayer7913 the Skirmisher (level 3, -1/29 HPs)
             Began as a Demonspawn Fighter on July 31, 2021.
             Slain by a worm (9 damage)
             ... on level 2 of the Dungeon.
             The game lasted 00:02:11 (962 turns).

Mindflayer7913 the Skirmisher (Demonspawn Fighter)   Turns: 962, Time: 00:02:11

Health: -1/29      AC:  6    Str: 17    XL:     3   Next: 25%
Magic:  3/3        EV:  7    Int:  9    God:
Gold:   47         SH:  9    Dex: 12    Spells: 2/2 levels left

rFire   . . .      SeeInvis .   a - +0 war axe
rCold   . . .      Faith    .   c - +0 kite shield
rNeg    . . .      Spirit   .   b - +0 scale mail
rPois   .          Reflect  .   (no helmet)
rElec   .          Harm     .   (no cloak)
rCorr   .          Rampage  .   (no gloves)
Will    .....                   (no boots)
Stlth   ..........              (no amulet)
HPRegen 0.09/turn               (no ring)
MPRegen 0.08/turn               (no ring)

@: brilliant
A: powered by pain 1, demonic magic 1
a: no special abilities


You were on level 2 of the Dungeon.
You visited 1 branch of the dungeon, and saw 2 of its levels.

You collected 47 gold pieces.

Inventory:

Hand Weapons
 a - a +0 war axe (weapon)
Armour
 b - a +0 scale mail (worn)
 c - a +0 kite shield (worn)
Potions
 d - a potion of might


   Skills:
 + Level 3.4 Fighting
 + Level 2.4 Axes
 + Level 2.8 Armour
 + Level 3.0 Shields


You had 2 spell levels left.
You didn't know any spells.
Your spell library was empty.

Dungeon Overview and Level Annotations

Branches:
Dungeon (2/15)

Altars:


Innate Abilities, Weirdness & Mutations

You sometimes gain a little power by taking damage.
Spells you cast may paralyse adjacent enemies.


Message History

The jackal barely misses you. You block the adder's attack.
You hit the adder.
You kill the adder!
You hit the jackal but do no damage. You block the jackal's attack.
The jackal bites you but does no damage.
The kobold completely misses you. You block the jackal's attack.
You have reached level 3!
Your experience leads to an increase in your attributes!
Increase (S)trength, (I)ntelligence, or (D)exterity?
You feel stronger.
Your demonic ancestry asserts itself...
A menacing aura infuses your magic.
You hit the kobold.
You kill the kobold!
You hit the jackal. The jackal barely misses you.
You block the jackal's attack.
You miss the frilled lizard. You hit the jackal but do no damage.
You block the jackal's attack.
The frilled lizard bites you but does no damage.
The jackal bites you but does no damage.
You block the frilled lizard's attack.
Your shield prevents you from hitting the frilled lizard.
You hit the rat.
You kill the rat!
You hit the jackal but do no damage. The jackal closely misses you.
The jackal barely misses you. The frilled lizard barely misses you.
You hit the frilled lizard.
You kill the frilled lizard!
You barely miss the jackal. You block the jackal's attack. x2
The jackal bites you but does no damage.
You hit the worm but do no damage. You hit the jackal.
You kill the jackal!
The worm bites you.
* * * LOW HITPOINT WARNING * * *
You hit the worm.
The worm is lightly wounded.
The worm bites you but does no damage.
You slash the worm!
The worm is heavily wounded.
The worm bites you!
You die...

...... #.#..#
#....## .....
...$ ###
).######. # #..
#w†...... .##.
#.# ######@†#
....#
#.###.......#
#..##.....####.##
#......#### #...
#.##..## ##...#
###....## .###
.....<.#### ##
.#####....#
####.....


You could see a worm.

Vanquished Creatures
  An adder (D:2)
  3 ball pythons
  2 endoplasms (D:1)
  A giant cockroach (D:1)
  3 goblins (D:1)
  A hobgoblin (D:1)
  3 jackals (D:2)
  2 quokkas (D:1)
  4 bats
  2 frilled lizards
  3 kobolds
  2 rats
27 creatures vanquished.

Notes
Turn   | Place    | Note
-------+----------+-------------------------------------------
     0 | D:1      | Mindflayer7913 the Demonspawn Fighter began the quest for
                  | the Orb.
     0 | D:1      | Reached XP level 1. HP: 18/18 MP: 1/1
   196 | D:1      | Gained mutation: You sometimes gain a little power by
                  | taking damage. [demonic ancestry]
   196 | D:1      | Reached XP level 2. HP: 24/24 MP: 2/2
   596 | D:1      | Found a faded altar of an unknown god.
   596 | D:1      | Noticed an Executioner
   956 | D:2      | Gained mutation: Spells you cast may paralyse adjacent
                  | enemies. [demonic ancestry]
   956 | D:2      | Reached XP level 3. HP: 13/29 MP: 3/3
   962 | D:2      | Slain by a worm

Illustrated notes

Levels and vault maps discovered:
D:1:      eino_arrival_druids_welcome, layout_basic,
          dreamdust_ecumenical_altar_sealed_demon,
          chequers_serial_rivers_micro_a
D:2:      layout_rooms, basic_altar, uniq_terence, uniq_robin, uniq_sigmund

Skill      XL: |  1  2 |
---------------+-------+-----
Axes           | 2 |  2.4
Shields        | 3 |  3.0
Fighting       | |  3.4
Armour         | |  2.8

Action                   || total
-------------------------++-------
Melee: War axe           ||    77
  Use: Potion            ||     1
Armor: Scale mail        ||    67
Dodge: Dodged            ||    41
Block: Kite shield       ||    63

Table legend: (Time is in decaauts)
 A = Elapsed time spent in this place.
 B = Non-inter-level travel time spent in this place.
 C = Inter-level travel time spent in this place.
 D = Time resting spent in this place.
 E = Time spent auto-exploring this place.
 F = Levels seen in this place.
 G = Mean time per level.
                   A        B        C        D        E       F      G
               +--------+--------+--------+--------+--------+-----+--------+
         Total |   1011 |    939 |     72 |      0 |    761 |   2 |  505.5 |
       Dungeon |   1011 |    939 |     72 |      0 |    761 |   2 |  505.5 |
               +--------+--------+--------+--------+--------+-----+--------+

Top non-repeatable levels by time:
     D:1: 960 daAuts
     D:2: 51 daAuts
